 Dungeon Crawl Stone Soup version 0.29.1-2-gbd0b4ee654 (webtiles) character file.

Game seed: 18309283503586740749

16241 Zeld the Geomancer (level 12, 0/59 HPs)
             Began as a Gargoyle Earth Elementalist on Oct 26, 2022.
             Was an Initiate of Gozag.
             Slain by Rupert
             ... wielding a +2 battleaxe of flaming
              (2 damage)
             ... on level 12 of the Dungeon.
             The game lasted 00:35:20 (21329 turns).

Zeld the Geomancer (Gargoyle Earth Elementalist)   Turns: 21329, Time: 00:35:20

Health: 0/59       AC: 20    Str: 13    XL:     12   Next: 35%
Magic:  8/26       EV: 17    Int: 22    God:    Gozag
Gold:   897        SH:  0    Dex: 10    Spells: 15/31 levels left

rFire   . . .      SeeInvis +   a - +1 mace of the Growing Gods {elec, Int+2}
rCold   . . .      Faith    .   (no shield)
rNeg    + . .      Spirit   .   b - +3 leather armour
rPois   ∞          Reflect  .   p - +0 helmet
rElec   +          Harm     .   f - +0 cloak
rCorr   .          Rampage  .   w - +1 pair of gloves
Will    .....                   m - +1 pair of boots
Stlth   ++++......              (no amulet)
HPRegen 0.19/turn               h - +4 ring of evasion
MPRegen 0.20/turn               o - ring of see invisible

@: about to teleport
A: sickness immunity, AC +8, negative energy resistance 1, electricity
resistance, torment resistance 1, petrification resistance
a: Renounce Religion, Potion Petition, Call Merchant, Bribe Branch


You were on level 12 of the Dungeon.
You worshipped Gozag.
Gozag was pleased with you.
You visited 2 branches of the dungeon, and saw 13 of its levels.
You also visited: Sewer and Bailey.

You collected 2347 gold pieces.
You spent 528 gold pieces at shops.
You paid 922 gold pieces to Gozag.

Inventory:

Hand Weapons
 a - the +1 mace of the Growing Gods (weapon) {elec, Int+2}
   (You found it on level 9 of the Dungeon)

   It occasionally discharges a powerful burst of electricity upon striking a
   foe.
   Int:       It affects your intelligence (+2).
Armour
 b - a +3 leather armour (worn)
 f - a +0 cloak (worn)
 m - a +1 pair of boots (worn)
 p - a +0 helmet (worn)
 w - a +1 pair of gloves (worn)
Jewellery
 h - a +4 ring of evasion (left hand)
 o - a ring of see invisible (right hand)
Wands
 i - a wand of roots (22)
 x - a wand of paralysis (12)
Scrolls
 c - 6 scrolls of teleportation
 d - 3 scrolls of identify
 g - a scroll of amnesia
 r - 2 scrolls of enchant weapon
 y - a scroll of enchant armour
 B - 6 scrolls of fear
 F - a scroll of brand weapon
Potions
 e - a potion of mutation {unknown}
 j - 5 potions of brilliance {unknown}
 l - 5 potions of flight {unknown}
 n - 7 potions of curing
 q - 2 potions of might
 s - 3 potions of heal wounds
 t - a potion of lignification {unknown}
 u - 2 potions of haste {unknown}
 v - a potion of ambrosia {unknown}
 z - 2 potions of cancellation {unknown}
 A - a potion of degeneration {unknown}
 D - a potion of attraction {unknown}
 E - a potion of invisibility {unknown}


   Skills:
 + Level 6.6 Dodging
 + Level 9.4 Stealth
 * Level 10.1 Spellcasting
 + Level 7.7 Conjurations
 - Level 1.0 Transmutations
 * Level 13.2 Earth Magic


You had 15 spell levels left.
You knew the following spells:

 Your Spells              Type           Power      Damage    Failure   Level
a - Sandblast             Erth           100%       2d20      1%          1
b - Passwall              Tmut/Erth      35%        N/A       1%          2
c - Stone Arrow           Conj/Erth      100%       3d13      1%          3
d - Petrify               Tmut/Erth      42%        N/A       4%          4
q - Mephitic Cloud        Conj/Pois/Air  22%        N/A       8%          3
w - Ignite Poison         Fire/Tmut/Pois 12%        N/A       21%         3

Your spell library contained the following spells:

 Spells                   Type           Power      Damage    Failure   Level
 Magic Dart               Conj           100%       1d8       1%          1
 Apportation              Tloc           22%        N/A       8%          1
 Necrotise                Necr           44%        1d6       8%          1
 Summon Small Mammal      Summ           44%        N/A       8%          1
 Call Imp                 Summ           11%        N/A       12%         2
 Ensorcelled Hibernation  Hex/Ice        22%        N/A       12%         2
 Spider Form              Tmut/Pois      13%        N/A       19%         3
 Call Canine Familiar     Summ           11%        N/A       22%         3
 Summon Guardian Golem    Hex/Summ       11%        N/A       22%         3
 Anguish                  Hex/Necr       5%         N/A       58%         4
 Freezing Cloud           Conj/Ice/Air   11%        6-21      58%         5
 Alistair's Intoxication  Tmut/Pois      8%         N/A       86%         5
 Orb of Destruction       Conj           22%        9d8       95%         7
 Haunt                    Necr/Summ      5%         N/A       100%        7
 Spellforged Servitor     Conj/Summ      14%        N/A       100%        7
 Infestation              Necr           5%         N/A       100%        8
 Animate Dead             Necr           Unusable   N/A       N/A         4

Dungeon Overview and Level Annotations

Branches:
Dungeon (12/15)            Temple (1/1) D:7            Lair (0/5) D:11
    Orc (0/2) D:10          Sewer (visited)          Bailey (visited)

Altars:
Ashenzari
Cheibriados
Dithmenos
Elyvilon
Fedhas
Gozag
Hepliaklqana
Kikubaaqudgha
Makhleb
Nemelex Xobeh
Okawaru
Qazlal
Ru
Sif Muna
Trog
Uskayaw
Vehumet
Wu Jian
Xom
Yredelemnul
Zin
The Shining One

Shops:
D:3 !   D:4 (   D:8 ?

Annotations:
D:12 Rupert


Innate Abilities, Weirdness & Mutations

You are immune to sickness and miasma.
Your stone body is resilient. (AC +8)
You are immune to poison.
You resist negative energy. (rN+)
You are resistant to electric shocks. (rElec)
You are resistant to unholy torment.
You are immune to petrification.


Message History

Unknown command.
Unknown command.
Rupert is engulfed in blazing flames.
Rupert yells loudly at you.
You are more confused.
Rupert is engulfed in blazing flames.
You're too confused to move!
Rupert misses you.
Found a +0 dagger.
Rupert attacks as you move away! Rupert barely misses you.
Rupert attacks as you move away!
Rupert hits you with a +2 battleaxe of flaming!
Rupert burns you. Rupert attacks as you move away!
Rupert hits you with a +2 battleaxe of flaming!
Rupert burns you.
Found a +0 leather armour.
Rupert roars madly and goes into a rage!
Rupert goes berserk!
You're too confused to cast spells.
You are too confused!
Unknown command.
You feel much better.
Rupert hits you with a +2 battleaxe of flaming!
Rupert burns you.
You feel better.
A boulder beetle comes into view.
Rupert closely misses you.
Unknown command.
As you read the scroll of teleportation, it crumbles to dust.
You feel strangely unstable. Rupert misses you.
Rupert hits you with a +2 battleaxe of flaming!!
Rupert burns you!
Unknown command.
Rupert attacks as you move away!
Rupert hits you with a +2 battleaxe of flaming!!
* * * LOW HITPOINT WARNING * * *
Rupert burns you.
You die...
Your body crumbles into a pile of gold.

#.# #.....# ######### #.#
###.....# #........ #.#
#......)#####........ #.#
#..#.....$....o$......
#.########.##...>.#####.$......
###.......... #.....# #........
.....####### #....[# #........
###.## #.@...# #........ #.#
##@#### #....O... #.# #..#
#####..## #.# #'## .## #.# .)
#+# #.o #.. '.. ##[. $


You could see Rupert (berserk) and an orc.

Vanquished Creatures
  A hydra (D:11)
  A two-headed ogre (D:11)
  Sonja (D:10)
  4 skeletal warriors (D:11)
  A deep elf pyromancer (D:10)
  2 ugly things (D:11)
  2 cyclopes
  2 manticores
  2 unseen horrors
  2 trolls
  3 slime creatures (D:12)
  A jumping spider (shapeshifter) (D:11)
  Sigmund (D:2)
  A wraith (D:12)
  11 yaks
  2 shadows
  A wyvern (D:9)
  3 steam dragons
  An acid dragon (D:12)
  An ice beast (D:6)
  A water moccasin (Sewer)
  8 orc warriors
  2 sky beasts
  Pargi (D:4)
  A black bear (D:6)
  4 ogres
  4 centaurs
  A phantom (D:6)
  4 bullfrogs
  10 kobold brigands
  Blork the orc (D:4)
  A necrophage (D:8)
  12 killer bees
  5 wights (D:8)
  2 howler monkeys (D:9)
  5 hounds
  2 orc priests
  4 jellies
  Jessica (D:2)
  A gnoll bouda (D:6)
  4 iguanas
  Natasha (thrice) (D:2)
  12 orc wizards
  Robin (D:2)
  4 gnolls (D:6)
  7 adders
  2 shadow imps (D:6)
  2 white imps (D:8)
  4 worms
  4 dart slugs
  36 orcs
  5 ball pythons
  5 endoplasms
  5 giant cockroaches
  23 goblins
  12 hobgoblins
  3 quokkas
  8 bats
  4 frilled lizards
  39 kobolds
  5 rats
301 creatures vanquished.

Vanquished Creatures (others)
  3 fungi (D:1)
3 creatures vanquished.

Grand Total: 304 creatures vanquished

Notes
Turn   | Place    | Note
-------+----------+-------------------------------------------
     0 | D:1      | Zeld the Gargoyle Earth Elementalist began the quest for
                  | the Orb.
     0 | D:1      | Reached XP level 1. HP: 10/10 MP: 3/3
   243 | D:1      | Reached XP level 2. HP: 15/15 MP: 3/5
   267 | D:1      | Learned a level 2 spell: Passwall
   530 | D:1      | Reached skill level 4 in Earth Magic
   747 | D:1      | Reached skill level 1 in Transmutations
   853 | D:1      | Reached XP level 3. HP: 19/19 MP: 4/6
  1460 | D:2      | Noticed Natasha
  1463 | D:2      | Killed Natasha
  1464 | D:2      | Reached XP level 4. HP: 24/24 MP: 4/8
  1468 | D:2      | Learned a level 3 spell: Stone Arrow
  1504 | D:2      | Noticed Sigmund
  1540 | D:2      | Killed Sigmund
  1541 | D:2      | Reached skill level 5 in Earth Magic
  1541 | D:2      | Reached XP level 5. HP: 22/28 MP: 5/10
  1583 | D:2      | Learned a level 4 spell: Petrify
  1913 | D:2      | Noticed Natasha
  1917 | D:2      | Killed Natasha
  1918 | D:2      | Reached XP level 6. HP: 32/32 MP: 8/11
  1995 | D:2      | Noticed Natasha
  2000 | D:2      | Killed Natasha
  2172 | D:2      | Noticed Jessica
  2174 | D:2      | Killed Jessica
  2268 | D:2      | Noticed Robin
  2277 | D:2      | Killed Robin
  3001 | D:3      | Found Immixeirr's Distillery.
  3009 | D:3      | Bought a potion of curing for 42 gold pieces
  3122 | D:3      | Found a shimmering blue altar of Sif Muna.
  3239 | D:3      | Found a basalt altar of Yredelemnul.
  3245 | D:3      | Found a sparkling altar of Nemelex Xobeh.
  3247 | D:3      | Found a snail-covered altar of Cheibriados.
  3639 | D:4      | Found Pawenuco's Weapon Boutique.
  3709 | D:4      | Reached skill level 1 in Conjurations
  4194 | D:4      | Noticed Pargi
  4205 | D:4      | Killed Pargi
  4206 | D:4      | Reached skill level 6 in Earth Magic
  4206 | D:4      | Reached XP level 7. HP: 36/36 MP: 3/13
  5095 | D:4      | Noticed Blork the orc
  5097 | D:4      | Killed Blork the orc
  6426 | D:4      | Found Pawenuco's Weapon Boutique.
  6688 | D:4      | Reached XP level 8. HP: 39/41 MP: 12/15
  6850 | D:5      | Entered Level 5 of the Dungeon
  7093 | D:4      | Reached skill level 7 in Earth Magic
  7366 | D:5      | Reached skill level 5 in Spellcasting
  7795 | D:6      | Found a shadowy altar of Dithmenos.
  7810 | D:6      | Reached skill level 5 in Stealth
  7952 | D:6      | Reached skill level 8 in Earth Magic
  8170 | D:6      | Found a glowing drain.
  8177 | Sewer    | Entered a sewer
  8465 | Sewer    | Reached XP level 9. HP: 45/45 MP: 10/17
  9556 | D:7      | Found a broken altar of Ashenzari.
  9624 | D:7      | Found a shimmering altar of Xom.
  9636 | D:7      | Reached skill level 9 in Earth Magic
  9871 | D:7      | Found a staircase to the Ecumenical Temple.
  9882 | Temple   | Entered the Ecumenical Temple
 10434 | D:7      | Found an iron altar of Okawaru.
 10819 | D:8      | Found a flagged portal.
 10898 | Bailey   | Entered a bailey
 11219 | Bailey   | Reached XP level 10. HP: 42/50 MP: 1/20
 11246 | Bailey   | Reached skill level 5 in Conjurations
 11593 | Bailey   | Identified the +1 leather armour of Instinct {Will+ Dex+2}
 11667 | Bailey   | Found a burning altar of Makhleb.
 11673 | Bailey   | Reached skill level 10 in Earth Magic
 12396 | D:8      | Found an opulent altar of Gozag.
 12428 | D:8      | Became a worshipper of Gozag Ym Sagoz the Greedy
 12448 | D:8      | Bought a scroll of teleportation for 48 gold pieces
 12448 | D:8      | Bought a scroll of identify for 32 gold pieces
 12448 | D:8      | Bought a scroll of brand weapon for 152 gold pieces
 12448 | D:8      | Bought a scroll of fear for 64 gold pieces
 12448 | D:8      | Bought a scroll of fear for 64 gold pieces
 12487 | D:8      | Reached skill level 5 in Dodging
 13965 | D:3      | Bought a potion of might for 56 gold pieces
 13965 | D:3      | Bought a potion of heal wounds for 70 gold pieces
 14092 | D:9      | Noticed a cyclops
 14107 | D:9      | Killed a cyclops
 14238 | D:9      | Reached skill level 11 in Earth Magic
 14245 | D:9      | Reached XP level 11. HP: 54/54 MP: 0/23
 14854 | D:9      | Identified the +1 mace of the Growing Gods {elec, Int+2}
 16114 | D:10     | Entered Level 10 of the Dungeon
 16210 | D:10     | Found a hazy altar of Hepliaklqana.
 16223 | D:10     | Noticed Sonja
 16230 | D:10     | Killed Sonja
 16443 | D:10     | Found a staircase to the Orcish Mines.
 16617 | D:10     | Found a sacrificial altar of Ru.
 17192 | D:10     | Noticed a deep elf pyromancer
 17211 | D:10     | Killed a deep elf pyromancer
 18097 | D:11     | Noticed a skeletal warrior
 18097 | D:11     | Noticed a skeletal warrior
 18097 | D:11     | Noticed a skeletal warrior
 18097 | D:11     | Found a staircase to the Lair.
 18327 | D:11     | Noticed a manticore
 18328 | D:11     | Noticed a four-headed hydra
 18335 | D:11     | Killed a four-headed hydra
 18336 | D:11     | Reached skill level 12 in Earth Magic
 18435 | D:11     | Killed a manticore
 18685 | D:11     | Killed a skeletal warrior
 18861 | D:11     | Noticed a two-headed ogre
 18890 | D:11     | Killed a two-headed ogre
 19116 | D:11     | Noticed a cyclops
 19134 | D:11     | Killed a cyclops
 19681 | D:11     | Noticed a green ugly thing
 19706 | D:11     | Killed a green ugly thing
 19978 | D:11     | Noticed a skeletal warrior
 19995 | D:11     | Killed a skeletal warrior
 19996 | D:11     | Reached XP level 12. HP: 41/59 MP: 4/25
 20508 | D:11     | Reached skill level 13 in Earth Magic
 20797 | D:11     | Learned a level 3 spell: Mephitic Cloud
 20801 | D:11     | Learned a level 3 spell: Ignite Poison
 20904 | D:12     | Reached skill level 10 in Spellcasting
 21296 | D:12     | Noticed Rupert
 21300 | D:12     | Paralysed by Rupert for 4 turns
 21309 | D:12     | Paralysed by Rupert for 2 turns
 21327 | D:12     | Noticed a boulder beetle
 21329 | D:12     | HP: 2/59 [Rupert/+2 battleaxe of flaming (19)]
 21329 | D:12     | Slain by Rupert

Illustrated notes

Levels and vault maps discovered:
D:1:      dpeg_arrival_tiny_b, layout_basic, st_stairs_1,
          chequers_serial_rivers_small_3, dreamdust_mushroom_princess
D:2:      layout_basic, minmay_misc_feat_room, uniq_robin, uniq_natasha,
          uniq_jessica, uniq_sigmund
D:3:      layout_basic, grunt_temple_overflow_open, serial_shops,
          nicolae_shop_trees
D:4:      layout_layer_cave, serial_shops, kennysheep_mini,
          minmay_ogre_servants, uniq_blork_the_orc, uniq_pargi
D:5:      layout_rooms, grunt_ministairs_6
D:6:      layout_basic, grunt_dithmenos_smoke, portal_sewer_entry_e
D:7:      layout_basic, mainiacjoe_overflow_paths,
          mainiacjoe_overflow_small_starburst, nicolae_overflow_crystal_walls,
          minmay_temple_entry_offerings
D:8:      layout_loops_ring, mainiacjoe_overflow_cross_hatched, enter_bailey_4
D:9:      layout_basic
D:10:     layout_grid_maze, kennysheep_little_box, nzn_hepliaklqana_mist_gate,
          orc_0_dummy, uniq_sonja
D:11:     layout_rooms, lair_entry_dummy, chequers_serial_rivers_small_3
D:12:     layout_roguey [special_room_orc], uniq_lodul, uniq_rupert
Temple:   nicolae_temple_bog_church

Skill      XL: |  1  2  3  4  5  6  7  8  9 10 11 12 |
---------------+-------------------------------------+-----
Earth Magic    | 4 5 6 8 9 11 12 13 | 13.2
Transmutations | 1 |  1.0
Dodging        | 2 3 4 5 6 |  6.6
Stealth        | 3 4 5 6 7 9 |  9.4
Spellcasting   | 3 4 5 7 8 9 10 | 10.1
Conjurations   | 1 2 3 4 6 7 |  7.7

Action                   |  1- 3 |  4- 6 |  7- 9 | 10-12 || total
-------------------------+-------+-------+-------+-------++-------
Melee: Unarmed           |     1 |       |    24 |     2 ||    27
       War axe           |       |       |       |    12 ||    12
       Mace              |       |       |       |     2 ||     2
 Cast: Sandblast         |    46 |    72 |   132 |    81 ||   331
       Stone Arrow       |       |     3 |    78 |   175 ||   256
       Petrify           |       |       |       |    12 ||    12
       Mephitic Cloud    |       |       |       |     2 ||     2
       Ignite Poison     |       |       |       |     2 ||     2
Invok: Call Merchant     |       |       |       |     1 ||     1
Evoke: Wand              |       |       |     1 |     2 ||     3
  Use: Potion            |       |       |     1 |     2 ||     3
       Scroll            |       |       |       |    14 ||    14
Armor: Robe              |    13 |     4 |       |       ||    17
       Leather armour    |       |     8 |    75 |    60 ||   143
Dodge: Dodged            |    13 |    25 |   171 |   122 ||   331
